 Seeded DCSS version 0.30-a0-739-gea05faddec (webtiles) character file.

Game seed: 4218672823355768592 (custom seed)

76 timneilson the Covered (level 4, -7/28 HPs)
             Began as a Gargoyle Fighter on Feb 5, 2023.
             Killed from afar by an orc wizard (10 damage)
             ... with a puff of flame
             ... on level 3 of the Dungeon.
             The game lasted 00:02:42 (1904 turns).

timneilson the Covered (Gargoyle Fighter)           Turns: 1904, Time: 00:02:42

Health: -7/28      AC: 10    Str: 20    XL:     4   Next: 32%
Magic:  4/4        EV:  9    Int:  8    God:
Gold:   658        SH:  4    Dex: 11    Spells: 3/3 levels left

rFire   . . .      SeeInvis .    a - +0 long sword
rCold   . . .      Faith    .    c - +0 buckler
rNeg    + . .      Spirit   .    b - +0 scale mail
rPois   ∞          Reflect  .    (no helmet)
rElec   +          Harm     .    (no cloak)
rCorr   .          Rampage  .    (no gloves)
Will    .....                    (no boots) Stlth
                                 (no amulet)
HPRegen 0.24/turn                (no ring)
MPRegen 0.09/turn                (no ring)

@: no status effects
A: sickness immunity, AC +3, negative energy resistance 1, electricity
resistance, torment resistance 1, petrification resistance
a: no special abilities


You were on level 3 of the Dungeon.
You visited 1 branch of the dungeon, and saw 3 of its levels.

You collected 658 gold pieces.

Inventory:

Hand Weapons
 a - a +0 long sword (weapon)
Armour
 b - a +0 scale mail (worn)
 c - a +0 buckler (worn)
Jewellery
 h - an amulet of the acrobat
Wands
 g - a wand of flame (20)
Scrolls
 i - 3 scrolls of teleportation
 k - 2 scrolls of fear
 n - a scroll of vulnerability {unknown}
Potions
 d - a potion of might
 e - a potion of brilliance
 f - 3 potions of curing {unknown}
 j - a potion of haste {unknown}
 l - a potion of berserk rage {unknown}
 m - a potion of mutation {unknown}
 o - a potion of lignification {unknown}


   Skills:
 + Level 3.5 Fighting
 * Level 2.5 Long Blades
 * Level 4.0 Armour
 + Level 0.6 Dodging
 * Level 4.0 Shields


You had 3 spell levels left.
You didn't know any spells.
Your spell library contained the following spells:

 Spells                   Type           Power      Damage    Failure   Level
 Ozocubu's Armour         Ice            0%         N/A       99%         3
 Metabolic Englaciation   Hex/Ice        0%         N/A       100%        5
 Simulacrum               Ice/Necr       0%         N/A       100%        6


Dungeon Overview and Level Annotations

Branches:
Dungeon (3/15)

Altars:


Innate Abilities, Weirdness & Mutations

You are immune to sickness and miasma.
Your stone body is resilient. (AC +3)
You are immune to poison.
You resist negative energy. (rN+)
You are resistant to electric shocks. (rElec)
You are resistant to unholy torment.
You are immune to petrification.


Message History

The orc hits you but does no damage.
You barely miss the orc. The orc hits you with a +0 whip.
* * * LOW HITPOINT WARNING * * *
You barely miss the orc. The orc barely misses you. You block the orc's attack.
The orc misses you.
You hit the orc.
The orc is almost dead.
The orc hits you with a +0 flail.
* * * LOW HITPOINT WARNING * * *
The orc hits you with a +0 whip.
* * * LOW HITPOINT WARNING * * *
You barely miss the orc.
The orc is almost dead.
You block the orc's attack.
You barely miss the orc.
The orc is almost dead.
The orc hits you but does no damage. The orc completely misses you.
You block the orc's attack.
You hit the orc.
You kill the orc!
You hear some strange, mumbled words.
Something tries to affect you, but you resist.
You miss something.
You hear some strange, mumbled words.
A puff of flame appears from out of thin air!
You block the puff of flame.
You barely miss something.
Something hits you but does no damage. x2
You hit something.
You hear some strange, mumbled words.
A puff of flame appears from out of thin air!
The puff of flame misses you.
You completely miss something.
An orc wizard appears from thin air!
Reactivating autopickup.
A rat comes into view.
The orc wizard hits you but does no damage.
You hit the orc wizard.
The orc wizard is almost dead.
The orc wizard gestures at you while chanting.
The puff of flame hits you!
You die...

#..##.#..#######
##..........##
#.##...####
#...........# #
###....#
#...........#
####.###
#...........# #...#
#...........#
###)####....########
#o#.#.#.#+# #.#o#r#
#.#.#@#o#
#.#.#.#.#.# #.#.#.#
#.#.# ##.#.# #.#.#
#.#.# #.#.# ##.#
#.#.# #.# #.#. ## #.


You could see an orc wizard, an orc and a rat.

Vanquished Creatures
  2 adders
  3 orcs (D:3)
  3 ball pythons
  3 bats
  5 endoplasms
  3 giant cockroaches (D:1)
  8 goblins
  5 hobgoblins
  3 jackals (D:1)
  3 kobolds
  2 quokkas
  3 frilled lizards
  3 rats
46 creatures vanquished.

Notes
Turn   | Place    | Note
-------+----------+-------------------------------------------
     0 | D:1      | timneilson the Gargoyle Fighter began the quest for the
                  | Orb.
     0 | D:1      | Reached XP level 1. HP: 14/14 MP: 1/1
   177 | D:1      | Reached XP level 2. HP: 19/19 MP: 2/2
   466 | D:1      | Reached XP level 3. HP: 23/23 MP: 3/3
  1411 | D:2      | Reached XP level 4. HP: 24/28 MP: 4/4
  1718 | D:2      | Identified a scroll of acquirement
  1718 | D:2      | Acquired 532 gold pieces
  1896 | D:3      | HP: 1/28 [orc/+0 whip (1)]
  1904 | D:3      | Killed from afar by an orc wizard

Illustrated notes

Levels and vault maps discovered:
D:1:      dpeg_arrival_more_subterranean_lakeside_camping, layout_basic,
          serial_curves, eino_curves_01, eino_curves_02
D:2:      layout_basic
D:3:      layout_basic, hex_medium

Skill      XL: |  1  2  3  4 |
---------------+-------------+-----
Long Blades    | 2 |  2.5
Armour         | 4 |  4.0
Shields        | 4 |  4.0
Fighting       | |  3.5
Dodging        | |  0.6

Action                     |  1- 3 |  4- 6 || total
---------------------------+-------+-------++-------
  Melee: Long sword        |   132 |    66 ||   198
    Use: Scroll            |     5 |     3 ||     8
 Armour: Scale mail        |    81 |    50 ||   131
  Dodge: Dodged            |    61 |    25 ||    86
  Block: Buckler           |    31 |    14 ||    45

Table legend: (Time is in decaauts)
 A = Elapsed time spent in this place.
 B = Non-inter-level travel time spent in this place.
 C = Inter-level travel time spent in this place.
 D = Time resting spent in this place.
 E = Time spent auto-exploring this place.
 F = Levels seen in this place.
 G = Mean time per level.
                   A        B        C        D        E       F      G
               +--------+--------+--------+--------+--------+-----+--------+
         Total |   1967 |   1955 |     12 |      0 |   1519 |   3 |  655.7 |
       Dungeon |   1967 |   1955 |     12 |      0 |   1519 |   3 |  655.7 |
               +--------+--------+--------+--------+--------+-----+--------+

Top non-repeatable levels by time:
     D:2: 1037 daAuts
     D:1: 739 daAuts
     D:3: 190 daAuts
